Match 46778061
Unlisted

Match 46778061
End
Vickers Machine Gun Team
Construct Section Command Post
Infantry Section
Dingo Light Scout Car
Infantry Section
Construct Platoon Command Post
Humber Armored Car
Selects Heavy Armor Battlegroup
Selects Rigorous Vehicle Training
Selects Light Vehicle Withdraw and Refit
6-pounder Anti-tank Gun Team
Grenade Package
Infantry Section
Infantry Section
Construct Company Command Post
Selects UNKNOWN (202330)
Crusader AA Medium Tank
Foot Guards Section
Foot Guards Section
Infantry Training
Armored Vehicle Training
Unlock Bishop Self-propelled Artillery
Selects Forward Repair Assembly
Selects Churchill Black Prince Heavy Tank
Churchill Black Prince Heavy Tank
Unlock Towed 17-pounder Anti-tank Guns
Selects Recon Artillery
Olg
rocketpossum
Crafty776
HaRdy
0
0

Comments sign in to comment!

No comments posted yet!